AoeStats
← Covid19

Arena

510583985Analyzed
2v2 RM · 19h ago on Oct 1, 2026· 57m 44s· 4 players
Game mode
Random Map
Map size
Medium (4 player)
Population
200
Speed
Normal
Resources
Standard
Victory
Conquest
Starting age
Dark Age
Ending age
Imperial Age
RankedLock teamsTeams togetherTeam positionsShared explorationLock speedFull tech treeHidden civsTurbo modeCheats
Victory
Defeat
🇹🇷 Burgundians · Türkiye
1130
+14
🇪🇸 Byzantines · Spain
1101
+15
🇩🇪 Portuguese · Germany
1090
-15
🇩🇪 Goths · Germany
1070
-14
Elmarques
11:12 Feudal Age
15:13 Castle Age
13:48 Double-Bit Axe
14:25 Horse Collar
15:00 Loom
16:24 Bow Saw
20:16 Stone Mining
23:17 Heavy Plow
29:08 Imperial Age
27:19 Wheelbarrow
26:55 Husbandry
26:39 Light Cavalry
28:50 Hand Cart
28:45 Gold Mining
29:31 Stone Shaft Mining
29:01 Fletching
29:22 Forging
30:52 Gold Shaft Mining
31:24 Two-Man Saw
31:44 Iron Casting
31:15 Scale Barding Armor
32:16 Crop Rotation
33:15 Conscription
33:59 Chain Barding Armor
36:42 Plate Barding Armor
35:49 Hussar
36:41 Bodkin Arrow
37:28 Hoardings
37:50 Elite Cataphract
38:55 Bracer
39:26 Logistica
40:54 Padded Archer Armor
52:59 Ballistics
52:37 Murder Holes
52:24 Treadmill Crane
53:45 Chemistry
53:08 Ballistics
52:47 Murder Holes
aksoy14537540
7:11 Double-Bit Axe
7:44 Horse Collar
12:19 Feudal Age
13:43 Bow Saw
13:35 Stone Mining
14:22 Heavy Plow
17:23 Castle Age
17:37 Stone Shaft Mining
29:00 Imperial Age
27:04 Squires
26:49 Arson
26:32 Pikeman
26:40 Man-at-Arms
28:19 Wheelbarrow
29:32 Two-Man Saw
29:09 Gold Mining
28:46 Long Swordsman
29:40 Masonry
31:28 Chemistry
31:01 Architecture
29:56 Two-Handed Swordsman
32:38 Fletching
32:59 Forging
32:50 Padded Archer Armor
35:11 Champion
37:14 Scale Mail Armor
39:10 Chain Mail Armor
39:55 Halberdier
42:23 Plate Mail Armor
43:46 Iron Casting
43:06 Bodkin Arrow
45:26 Bracer
46:26 Blast Furnace
45:42 Leather Archer Armor
45:34 Scale Barding Armor
45:56 Elite Skirmisher
45:57 Crossbowman
50:58 Chain Barding Armor
Event 201
2:28 Loom
14:03 Feudal Age
14:37 Horse Collar
14:44 Double-Bit Axe
19:26 Castle Age
19:03 Gold Mining
20:13 Heavy Plow
24:54 Town Watch
29:16 Wheelbarrow
30:34 Town Patrol
31:34 Hand Cart
32:27 Town Patrol
32:57 Anarchy
35:30 Imperial Age
33:12 Scale Mail Armor
33:22 Forging
33:37 Bow Saw
33:54 Pikeman
34:35 Squires
34:03 Man-at-Arms
35:05 Chain Mail Armor
35:25 Iron Casting
35:55 Onager
35:59 Halberdier
36:46 Perfusion
37:07 Conscription
39:10 Blast Furnace
37:57 Long Swordsman
38:15 Elite Huskarl
40:13 Heavy Scorpion
44:07 Two-Man Saw
43:40 Crop Rotation
51:09 Two-Handed Swordsman
56:32 Champion
Covid19
10:14 Feudal Age
14:18 Castle Age
13:55 Loom
20:35 Double-Bit Axe
28:42 Imperial Age
27:46 Bow Saw
28:00 Sanctity
28:17 Gold Mining
28:23 Stone Mining
29:50 Block Printing
30:50 Chemistry
40:59 Fortified Wall
53:42 Conscription
53:26 Arquebus
54:58 Padded Archer Armor
55:48 Leather Archer Armor
Connection lost

Rejoining the realm…

Still unreachable

The connection could not be restored.

Session expired

The server has moved on; the page needs a fresh start.